 Dungeon Crawl Stone Soup version 0.29.0-4-gdea44cf6ec (webtiles) character file.

Game seed: 2683323198009774963

289 keekatzer the Sneak (level 6, -6/35 HPs)
             Began as a Deep Elf Gladiator on Aug 26, 2022.
             Killed from afar by an orc wizard (9 damage)
             ... with a puff of flame
             ... on level 4 of the Dungeon.
             The game lasted 00:16:07 (2948 turns).

keekatzer the Sneak (Deep Elf Gladiator)            Turns: 2948, Time: 00:16:09

Health: -6/35      AC:  6    Str: 11    XL:     6   Next: 9%
Magic:  12/12      EV: 13    Int: 19    God:
Gold:   168        SH:  0    Dex: 18    Spells: 8/11 levels left

rFire   . . .      SeeInvis .   a - +0 rapier
rCold   . . .      Faith    .   h - orb {mayhem}
rNeg    . . .      Spirit   .   b - +0 leather armour
rPois   .          Reflect  .   c - +0 helmet
rElec   .          Harm     .   (no cloak)
rCorr   +          Rampage  .   (no gloves)
Will    .....                   g - +1 pair of boots
Stlth   +++.......              (no amulet)
HPRegen 0.11/turn               t - +6 ring of intelligence
MPRegen 0.13/turn               u - ring of resist corrosion

@: no status effects
A: no striking features
a: no special abilities


You were on level 4 of the Dungeon.
You visited 1 branch of the dungeon, and saw 4 of its levels.

You collected 168 gold pieces.

Inventory:

Hand Weapons
 a - a +0 rapier (weapon)
 m - a +2 vorpal hand axe
 r - a +0 sling
 C - a +1 vampiric hand axe
Missiles
 d - 3 throwing nets
 e - a javelin
 l - 3 atropa-tipped darts (quivered)
 w - 4 silver boomerangs
 y - 3 curare-tipped darts
Armour
 b - a +0 leather armour (worn)
 c - a +0 helmet (worn)
 f - a +0 robe
 g - a +1 pair of boots (worn)
 h - an orb of mayhem (worn)
 k - a +0 ring mail
Jewellery
 t - a +6 ring of intelligence (left hand)
 u - a ring of resist corrosion (right hand)
Scrolls
 i - a scroll of silence {unknown}
 p - a scroll of enchant armour {unknown}
 q - a scroll of poison {unknown}
 s - 2 scrolls of immolation {unknown}
 x - a scroll of vulnerability {unknown}
 z - a scroll of acquirement {unknown}
 A - 2 scrolls of identify {unknown}
 B - a scroll of teleportation {unknown}
Potions
 j - 2 potions of curing
 n - a potion of cancellation {unknown}
 o - 2 potions of haste {unknown}
 v - a potion of invisibility {unknown}


   Skills:
 - Level 1.6 Fighting
 - Level 3.0 Short Blades
 - Level 2.1 Throwing
 + Level 3.8 Dodging
 + Level 5.8 Stealth
 - Level 3.1 Spellcasting
 + Level 3.3 Hexes


You had 8 spell levels left.
You knew the following spells:

 Your Spells              Type           Power      Damage    Failure   Level
a - Confusing Touch       Hex            15%        N/A       16%         3

Your spell library contained the following spells:

 Spells                   Type           Power      Damage    Failure   Level
 Yara's Violent Unravell  Hex/Tmut       4%         3d4       95%         5
 Enfeeble                 Hex            7%         N/A       100%        7


Dungeon Overview and Level Annotations

Branches:
Dungeon (4/15)
 Temple: D:4-7

Altars:
Makhleb
Uskayaw

Annotations:
D:3 3 runed translucent doors


Message History

The jackal is almost dead.
The jackal barely misses you.
The orc closely misses something.
The jackal bites you but does no damage.
You hit the jackal but do no damage.
The jackal is almost dead.
An orc wizard appears from thin air!
Reactivating autopickup.
The jackal bites you but does no damage.
The orc barely misses the orc wizard.
You hit the jackal.
You kill the jackal!
The orc is no longer moving quickly.
The orc no longer looks unusually strong.
The orc is no longer in an insane frenzy.
You barely miss the orc wizard.
The orc wizard is severely wounded.
The orc wizard hits you with a +0 dagger.
* * * LOW HITPOINT WARNING * * *
You barely miss the orc wizard.
The orc wizard is severely wounded.
The orc wizard hits you with a +0 dagger.
* * * LOW HITPOINT WARNING * * *
You hit the orc wizard.
The orc wizard is almost dead.
The orc wizard hits you with a +0 dagger.
* * * LOW HITPOINT WARNING * * *
You hit the orc wizard but do no damage.
The orc wizard is almost dead.
The orc wizard hits you but does no damage.
You hit the orc wizard but do no damage.
The orc wizard is almost dead.
The orc wizard hits you with a +0 dagger.
* * * LOW HITPOINT WARNING * * *
You hit the orc wizard.
You kill the orc wizard!
The giant cockroach flies into a frenzy!
The giant cockroach closely misses the orc wizard.
The orc wizard casts a spell at you. The puff of flame hits you!
You die...

#....).)..##.#.o.
#......)........o
#......####.####. #......# .....
#......#.......# #####
#.###.)#.......#..# ....# #.#
##Bo..._.. ^.. ....# #.#
#)#o..... .. ....# #.# #@#......
.# ....# #.# #.# ..?.. .#
....#######.# #.#########.#
....'.......# #...........# #
....############.########.#####.#
....# #.........# #.......# ....#
#.######.### ####....####
###.####.# ####....###....##.# #
#......# #...#..........##.####


You could see an orc wizard and a neutral giant cockroach (fast, strong, insane,
distracted).

Vanquished Creatures
  An ice beast (D:4)
  A necrophage (D:4)
  An orc wizard (D:4)
  5 adders
  2 worms
  3 dart slugs
  3 orcs (D:4)
  6 endoplasms
  2 giant cockroaches (D:4)
  11 goblins
  5 hobgoblins
  2 jackals (D:4)
  3 quokkas
  5 ball pythons
  6 bats
  3 frilled lizards
  8 kobolds
  3 rats
70 creatures vanquished.

Vanquished Creatures (collateral kills)
  A worm (D:4)
  2 orcs (D:4)
  A jackal (D:4)
4 creatures vanquished.

Vanquished Creatures (others)
  A fungus (D:1)
  7 plants (D:1)
8 creatures vanquished.

Grand Total: 82 creatures vanquished

Notes
Turn   | Place    | Note
-------+----------+-------------------------------------------
     0 | D:1      | keekatzer the Deep Elf Gladiator began the quest for the
                  | Orb.
     0 | D:1      | Reached XP level 1. HP: 12/12 MP: 3/3
    82 | D:1      | Reached skill level 1 in Stealth
   142 | D:1      | Reached XP level 2. HP: 15/17 MP: 4/4
   163 | D:1      | Reached skill level 2 in Stealth
   256 | D:1      | Found a faded altar of an unknown god.
   732 | D:1      | Reached skill level 3 in Stealth
   863 | D:1      | Reached XP level 3. HP: 1/21 MP: 5/5
  1668 | D:2      | Reached skill level 4 in Stealth
  1734 | D:2      | Reached XP level 4. HP: 23/26 MP: 6/6
  1978 | D:2      | Learned a level 3 spell: Confusing Touch
  2163 | D:3      | Found a burning altar of Makhleb.
  2207 | D:3      | Found a runed translucent gate.
  2207 | D:3      | Found a runed translucent gate.
  2207 | D:3      | Found a runed translucent gate.
  2468 | D:3      | Reached skill level 1 in Spellcasting
  2494 | D:3      | Reached skill level 1 in Hexes
  2678 | D:4      | Noticed a necrophage
  2679 | D:4      | Noticed an ice beast
  2697 | D:4      | Killed a necrophage
  2698 | D:4      | Reached skill level 5 in Stealth
  2698 | D:4      | Reached XP level 5. HP: 30/30 MP: 1/10
  2719 | D:4      | Killed an ice beast
  2746 | D:4      | Reached XP level 6. HP: 19/35 MP: 4/12
  2930 | D:4      | Found a hide-covered altar of Uskayaw.
  2948 | D:4      | Killed from afar by an orc wizard

Illustrated notes

Levels and vault maps discovered:
D:1:      eino_arrival_water_star, layout_rooms,
          shapermc_ecumenical_altar_mp_ritualfount, serial_forest,
          infiniplex_forest_clump_curved, infiniplex_forest_end_2,
          infiniplex_forest_zigzag_2, infiniplex_forest_straight_2,
          infiniplex_forest_clump_small, infiniplex_forest_clump_double,
          infiniplex_forest_clump_long, infiniplex_forest_straight_4,
          kennysheep_flooded_box
D:2:      layout_loops_cross
D:3:      layout_loops_cross, mainiacjoe_overflow_brackets, gammafunk_ghost_icy
D:4:      layout_basic, lemuel_tele_altar, temple_hall, portal_sewer_entry_b,
          nicolae_kite_square_tiling_tiny, hangedman_decor_growths

Skill      XL: |  1  2  3  4  5 |
---------------+----------------+-----
Stealth        | 1 3 4 5 |  5.8
Spellcasting   | 2 3 |  3.1
Hexes          | 2 3 |  3.3
Fighting       | |  1.6
Short Blades   | |  3.0
Throwing       | |  2.1
Dodging        | |  3.8

Action                   |  1- 3 |  4- 6 || total
-------------------------+-------+-------++-------
Melee: Rapier            |   144 |   128 ||   272
       Punch             |     1 |     1 ||     2
 Cast: Confusing Touch   |       |     3 ||     3
  Use: Potion            |       |     3 ||     3
 Stab: Sleeping          |     4 |     4 ||     8
       Confused          |       |     3 ||     3
Armor: Leather armour    |    36 |    59 ||    95
Dodge: Dodged            |    81 |    97 ||   178
